[Event "US Open 2021 6-Day and 4-Day Schedule"]
[Site "Crowne Plaza Cherry Hill, United States"]
[Date "????.??.??"]
[Round "3.1"]
[White "Kelley, Deshawn"]
[Black "Nyzhyk, Illia"]
[Result "0-1"]
[TimeControl "40/100;SD/30;+30"]
[BlackTitle "GM"]
[WhiteElo "2192"]
[BlackElo "2778"]

1. e4 c6 2. d4 d5 3. e5 Bf5 4.
h4 h5 5. Nf3 e6 6. Bd3 Ne7 7.
c3 Bxd3 8. Qxd3 Nf5 9. a4 a6 10. a5 c5 11. dxc5 Bxc5 12. g3 Nc6 13. Nbd2 Qc7 14. Qe2 Ba7 15. Nb3 Nce7 16. Kf1 Rc8 17. Kg2 Qc4 18. Qxc4 Rxc4 19.
Bg5 O-O 20. Nbd2 Rc7 21. Bxe7 Nxe7 22.
Rhe1 Rfc8 23. Re2 Nf5 24.
Ne1 Rc5 25. Nd3 Rb5 26. Ra3 Bc5 27.
Ra4 Be7 28. Re1 Bd8 29. Rea1 f6 30. R1a2 Kf7 31. exf6 gxf6 32. R4a3 e5 33. b4 Be7 34. Ne1 d4 35. c4 Rxb4 36. Nc2 Rbxc4 37. Nxc4 Rxc4 38. Rb3 Nd6 39. Nb4 Nb5 40. Nd5 Bd8 41. Rab2 Rc5 42.
Nb6 e4 43. Rd2 f5 44. Rxb5 Rxb5 0-1

[Event "US Open 2021 6-Day and 4-Day Schedule"]
[Site "Crowne Plaza Cherry Hill, United States"]
[Date "????.??.??"]
[Round "3.2"]
[White "Cordova Daza, Emilio"]
[Black "Sriniaiyer, Sudarshan"]
[Result "1-0"]
[TimeControl "40/100;SD/30;+30"]
[WhiteTitle "GM"]
[WhiteElo "2646"]
[BlackElo "2184"]

1. d4 d5 2. Nf3 Nf6 3. c4 e6 4. e3 a6 5. b3 b6 6.
Bd3 Bb7 7. O-O Bd6 8. Bb2 O-O 9. Nc3 Nbd7 10. Rc1 Qe7 11. Qc2 c5 12. cxd5 exd5 13.
Bf5 Ne4 14. dxc5 bxc5 15. Nxe4 dxe4 16. Nd2 Rfe8 17. Rfd1 Nf6 18. Bxf6 Qxf6 19. Bxe4 Bxh2+ 20. Kxh2 Bxe4 21. Nxe4 Qh4+ 22. Kg1 Rxe4 23. Qxc5 g6 24. Qc6 Ree8 25. Rd7 Qg4 26.
Rc4 Qe6 27. Qxe6 Rxe6 28. Rf4 Rf8 29.
g4 g5 30. Rc4 Rf6 31. Kg2 Re8 32. b4 h6 33. a3 Re5 34. Rd8+ Kg7 35. Rcc8 Rb6 36. Rg8+ Kf6 37. Rh8 Ke7 38. Rce8+ Kd6 39. Rxh6+ Re6 40. Rexe6+ fxe6 41. Rh5 Kd5 1-0

[Event "US Open 2021 6-Day and 4-Day Schedule"]
[Site "Crowne Plaza Cherry Hill, United States"]
[Date "????.??.??"]
[Round "3.3"]
[White "Benjamin, Joel"]
[Black "Guha, Eshan"]
[Result "1-0"]
[TimeControl "40/100;SD/30;+30"]
[WhiteTitle "GM"]
[WhiteElo "2586"]
[BlackElo "2129"]

1. d4 Nf6 2. Nf3 e6 3. c4 d5 4.
Nc3 Be7 5. Bg5 O-O 6. e3 Nbd7 7. Qc2 h6 8. Bh4 Re8 9. Rd1 c6 10. Bd3 Qc7 11. O-O dxc4 12. Bxc4 b5 13. Be2 b4 14. Na4 Bb7 15. Rc1 Qa5 16.
Nd2 e5 17. Nc4 Qd5 18. dxe5 Nxe5 19. Bxf6 Bxf6 20. Rfd1 Nxc4 21. Rxd5 cxd5 22. Nc5 Bc6 23. Nd3 Bb7 24. b3 Na3 25. Qc7 Ba6 26. Qa5 Bxd3 27.
Bxd3 Rab8 28. Kf1 Bg5 29. Rc6 Red8 30. Rc7 Rf8 31. Qxd5 Rb6 32. Rxa7 1-0

[Event "US Open 2021 6-Day and 4-Day Schedule"]
[Site "Crowne Plaza Cherry Hill, United States"]
[Date "????.??.??"]
[Round "3.4"]
[White "Levine, Joseph"]
[Black "Sorokin, Aleksey"]
[Result "0-1"]
[TimeControl "40/100;SD/30;+30"]
[BlackTitle "FM"]
[WhiteElo "2187"]
[BlackElo "2628"]

1. e4 c5 2. Nf3 d6 3. d4 cxd4 4.
Nxd4 Nf6 5. Nc3 a6 6. Be3 e5 7. Nb3 Be6 8. f3 h5 9.
Qd2 Nbd7 10. Be2 Be7 11. O-O-O Rc8 12. Kb1 b5 13. g3 Nb6 14. h3 Nc4 15.
Bxc4 Bxc4 16. g4 b4 17. Ne2 a5 18. g5 Nd7 19. f4 Bxe2 20. Qxe2 a4 21. Nc1 a3 22. b3 exf4 23. Bd4 Qc7 24. Nd3 f3 25. Qf2 d5 26. exd5 O-O 27.
Rhg1 Bd6 28. Rd2 Ne5 29. Rgd1 Rfe8 30. Bb6 Qe7 31. Ne1 Qxg5 32. Nxf3 Nxf3 33. Qxf3 Rc3 34. Rd3 Rxd3 35. Qxd3 h4 36. c4 bxc3 37. Bd4 Qg3 38. Qf5 Re1 39. Kc1 Bf4+ 40. Kc2 Re2+ 41. Kb1 c2+ 42. Ka1 cxd1=Q+ 43. Qb1 Qxd4+ 44. Qb2 0-1

[Event "US Open 2021 6-Day and 4-Day Schedule"]
[Site "Crowne Plaza Cherry Hill, United States"]
[Date "????.??.??"]
[Round "3.5"]
[White "Sho, Glashausser"]
[Black "Matviishen, Viktor"]
[Result "1-0"]
[TimeControl "40/100;SD/30;+30"]
[BlackTitle "IM"]
[WhiteElo "2133"]
[BlackElo "2575"]

1. d4 d5 2. c4 c6 3. Nf3 Nf6 4. Nc3 e6 5. Bg5 h6 6.
Bxf6 Qxf6 7. e3 Nd7 8. Bd3 g6 9. O-O dxc4 10. Bxc4 Bg7 11. e4 O-O 12.
e5 Qe7 13. Re1 Rd8 14. Qc2 Nb6 15. Ne4 Bd7 16. Nd6 Be8 17. a4 a5 18. Qb3 Qc7 19. Rac1 Nxc4 20. Rxc4 Rab8 21. Qc3 Ra8 22.
Ne4 Qe7 23. Rc1 Rd5 24. Qe3 b5 25. axb5 cxb5 26. Rc7 Rd7 27.
R7c5 b4 28. Qf4 g5 29. Qg4 a4 30. h4 a3 31. hxg5 hxg5 32. bxa3 b3 33. Nf6+ Bxf6 34. exf6 Qxf6 35. Rxg5+ Kf8 36. d5 Rb8 37. Ne5 Rdb7 38. Rg8+ Ke7 39. d6+ Kxd6 40. Qd4+ Ke7 41. Ng6+ fxg6 42. Qc5+ 1-0

[Event "US Open 2021 6-Day and 4-Day Schedule"]
[Site "Crowne Plaza Cherry Hill, United States"]
[Date "????.??.??"]
[Round "3.6"]
[White "Molner, Mackenzie"]
[Black "Ling, Evan Maxwell"]
[Result "1-0"]
[TimeControl "40/100;SD/30;+30"]
[WhiteTitle "GM"]
[WhiteElo "2517"]
[BlackElo "2111"]

1. e4 c5 2. Nf3 d6 3. d4 cxd4 4. Nxd4 Nf6 5. Nc3 a6 6. Bg5 Nbd7 7. f4 Qb6 8. Qd2 Qxb2 9. Rb1 Qa3 10. Bxf6 Nxf6 11. e5 dxe5 12. fxe5 Ng4 13. Nd5 Qc5 14. Nb3 Qc6 15. Na5 Qd7 16. Nc4 Rb8 17.
Qa5 e6 18. Nc7+ Ke7 19. Rd1 Qxd1+ 20. Kxd1 Nf2+ 21. Ke1 Nxh1 22. Nxa6 Ra8 23. Qc7+ Ke8 24. Nd6+ Bxd6 1-0